 Dungeon Crawl Stone Soup version 0.20-a0-1033-g05abe66 (webtiles) character file.

195731 Herrn the Impaler (level 19, -1/153 HPs)
             Began as a Formicid Wanderer on Apr 21, 2017.
             Was a High Priest of Okawaru.
             Slain by yrara's ghost (5 damage)
             ... on level 3 of the Swamp.
             The game lasted 01:26:34 (39644 turns).

Herrn the Impaler (Formicid Wanderer)              Turns: 39644, Time: 01:26:35

Health: -1/153     AC: 22    Str: 29    XL:     19   Next: 51%
Magic:  30/30      EV: 15    Int: 28    God:    Okawaru [*****.]
Gold:   2289       SH:  5    Dex:  9    Spells: 14/20 levels left

rFire    + . .     SeeInvis +   H - +2 battleaxe (flame)
rCold    . . .     Gourm    .   o - +0 buckler
rNeg     . . .     Faith    +   T - +0 swamp dragon scales
rPois    +         Spirit   .   (helmet unavailable)
rElec    +         Reflect  .   K - +1 cloak "Jeeke" {+Fly rElec MP+9 Str+5}
rCorr    +         Harm     .   v - +2 pair of gloves "Meofaoc" {-Cast rF+ MR+ Int+4}
MR       ++...     Clarity  +   p - +2 pair of boots {run} Stlth +.........NoCast +
                                d - amulet of faith
Regen    0.4/turn               t - +3 ring of strength
MPRegen  0.3/turn               F - ring of resist corrosion

@: mighty, heroism, very heavily drained, quick
A: permanent stasis, dig shafts and tunnels, four strong arms, antennae 3, icy
blue scales 1, clarity, clever 1
a: Dig, Shaft Self, Heroism, Finesse, Renounce Religion, Evoke Flight


You were on level 3 of the Swamp.
You worshipped Okawaru.
Okawaru was extremely pleased with you.
You were not hungry.

You visited 6 branches of the dungeon, and saw 28 of its levels.
You also visited: Labyrinth, Ossuary and Bailey.

You collected 3023 gold pieces.
You spent 734 gold pieces at shops.

Inventory:

Hand Weapons
 s - a +1 glaive of venom
 A - a +4 halberd of freezing
 G - a +2 arbalest of flaming
 H - a +2 battleaxe of flaming (weapon)
 I - the +4 halberd of the Common Good {flame, rN++ MP+9 Dex-5 SInv}
   (You found it on level 9 of the Dungeon)

   It has been specially enchanted to burn those struck by it, causing extra
   injury to most foes and up to half again as much damage against particularly
   susceptible opponents.
   Big, fiery blades are also staple armaments of hydra-hunters.
   It affects your dexterity (-5).
   It greatly protects you from negative energy.
   It affects your magic capacity (+9).
   It lets you see invisible.
 M - a +2 war axe of chopping
 X - a +1 battleaxe of chopping
Missiles
 n - 154 bolts
Armour
 o - a +0 buckler (worn)
 p - a +2 pair of boots of running (worn)
 v - the +2 pair of gloves "Meofaoc" (worn) {-Cast rF+ MR+ Int+4}
   (You acquired it on level 6 of the Lair of Beasts)

   It affects your intelligence (+4).
   It protects you from fire.
   It affects your resistance to hostile enchantments.
   It prevents spellcasting.
 K - the +1 cloak "Jeeke" (worn) {+Fly rElec MP+9 Str+5}
   (Okawaru gifted it to you on level 10 of the Dungeon)

   It affects your strength (+5).
   It insulates you from electricity.
   It affects your magic capacity (+9).
   It lets you fly.
 T - +0 swamp dragon scales (worn)
Jewellery
 d - an amulet of faith (around neck)
 j - an uncursed ring of poison resistance
 t - a +3 ring of strength (left hand)
 y - an uncursed amulet of magic regeneration
 F - a ring of resist corrosion (right hand)
Wands
 c - a wand of acid (6/15)
 i - a wand of confusion (33/48)
 x - a wand of digging (17/24)
Scrolls
 b - 4 scrolls of recharging
 e - a scroll of holy word {unknown}
 h - 17 scrolls of remove curse
 k - 2 scrolls of amnesia
 l - 6 scrolls of fear
 m - a scroll of silence
 q - 5 scrolls of enchant armour
 r - 2 scrolls of enchant weapon
 C - 3 scrolls of immolation
 D - a scroll of torment
 E - 2 scrolls of vulnerability {unknown}
 O - 3 scrolls of magic mapping
 S - 3 scrolls of fog
Potions
 a - 4 potions of lignification
 g - 2 potions of cancellation
 w - 2 potions of mutation
 B - a potion of ambrosia
 J - a potion of magic
 P - 2 potions of might
 Q - a potion of curing
Books
 N - a book of Unlife

   Spells                             Type                      Level
   a - Recall                         Summoning/Translocation      3
   b - Animate Dead                   Necromancy                   4
   c - Control Undead                 Necromancy                   4
   d - Cigotuvi's Embrace             Necromancy                   5
   e - Death Channel                  Necromancy                   6
   f - Simulacrum                     Ice/Necromancy               6
 R - a book of Transfigurations

   Spells                             Type                      Level
   a - Irradiate                      Conjuration/Transmutation    5
   b - Statue Form                    Transmutation/Earth          6
   c - Hydra Form                     Transmutation                6
   d - Dragon Form                    Transmutation                7
Miscellaneous
 L - 2 boxes of beasts
Comestibles
 f - 17 bread rations
 u - 19 royal jellies
 z - 9 meat rations
 W - 11 fruits


   Skills:
 + Level 14.4(12.7) Fighting
 * Level 7.3(12.8) Axes
 - Level 19.2(17.1) Polearms
 + Level 13.4(11.8) Armour
 * Level 9.4(8.3) Dodging
 - Level 1.2(1.3) Stealth
 + Level 9.5(8.5) Shields
 - Level 1.1(0.0) Spellcasting
   Level 4.0(0.0) Necromancy
 * Level 1.3(0.0) Transmutations
 * Level 0.8(0.0) Earth Magic
 - Level 3.8(0.0) Invocations
 - Level 1.8(0.0) Evocations


You had 14 spell levels left.
You knew the following spells:

 Your Spells              Type           Power        Failure   Level  Hunger
a - Statue Form           Tmut/Erth      #........    100%        6    #######


Dungeon Overview and Level Annotations

Branches:
Dungeon (15/15)            Temple (1/1) D:4            Lair (6/6) D:11
  Swamp (3/4) Lair:3       Spider (0/4) Lair:4        Slime (0/5) Lair:6
    Orc (2/2) D:11            Elf (1/3) Orc:2        Vaults (0/5) D:13
 Depths (0/5) D:15

Altars:
Ashenzari
Cheibriados
Dithmenos
Elyvilon
Fedhas
Gozag
Hepliaklqana
Kikubaaqudgha
Makhleb
Nemelex Xobeh
Okawaru
Qazlal
Ru
Sif Muna
Trog
Uskayaw
Vehumet
Wu Jian
Xom
Yredelemnul
Zin
The Shining One

Shops:
D:12 (   Orc:1 !   Orc:2 *!(}

Portals:
Pandemonium: Orc:2

Annotations:
Swamp:3 yrara's ghost, adept DsFi


Innate Abilities, Weirdness & Mutations

You cannot be hasted, slowed, berserked, paralysed or teleported.
You can dig through walls and to a lower floor.
Your four strong arms can wield two-handed weapons with a shield.
You have a pair of large antennae on your head. (SInv)
You are partially covered in icy blue scales. (AC +2)
You possess an exceptional clarity of mind.
Your mind is acute. (Int +2)


Message History

You barely miss the hornet.
The hornet stings you but does no damage.
Yrara's ghost hits you!!
* * * LOW HITPOINT WARNING * * *
You feel drained.
* * * LOW HITPOINT WARNING * * *
You hit yrara's ghost but do no damage.
Yrara's ghost is lightly damaged.
You barely miss the hornet.
The hornet stings you but does no damage.
Yrara's ghost hits you.
* * * LOW HITPOINT WARNING * * *
You feel drained.
* * * LOW HITPOINT WARNING * * *
The hornet misses you.
You closely miss yrara's ghost.
Yrara's ghost is lightly damaged.
You barely miss the hornet. The hornet barely misses you.
Yrara's ghost hits you.
You die...

♣♣ .♣♣ ≈. ≈.≈
.≈≈♣.. ≈≈. .≈
♣.≈≈..≈ ≈≈.♣♣≈♣
≈≈≈≈≈≈≈ ≈≈.≈≈.≈
♣≈≈≈≈≈..
≈..≈≈≈.
♣♣y≈≈.≈≈.
≈≈≈≈.≈.♣♣@♣≈..♣
...≈≈≈≈.♣.W≈♣
≈≈.≈.≈≈.)≈..♣
.≈.≈.≈§.≈≈..♣
♣..≈..≈..♣.♣♣
♣♣$≈..≈...≈♣
♣♣≈≈.≈≈..≈♣
♣♣.≈≈≈≈≈.♣
♣..≈≈§.♣♣


You could see a hornet and yrara's ghost.

Vanquished Creatures
  A thorn hunter (Swamp:3)
  Kirke (Lair:4)
  Nessos (D:14)
  A minotaur (Lab)
  A yaktaur captain (D:15)
  A fire dragon (Lair:6)
  13 hydras
  Harold (Lair:1)
  A ghost crab (Swamp:2)
  3 two-headed ogres
  A centaur warrior (D:15)
  The ghost of dricus the Archer, a novice CeHu of Dithmenos (D:9)
  3 dancing weapons
  2 catoblepae
  3 alligators (Swamp:1)
  A death knight (D:11)
  2 tengu warriors
  6 death yaks
  4 orc high priests
  5 deep elf knights (Elf:1)
  2 soul eaters (Orc:2)
  A skeletal warrior (D:12)
  A sixfirhy (Orc:2)
  2 spriggan druids (Swamp:2)
  An unseen horror (shapeshifter) (D:13)
  4 swamp dragons
  2 infernal demonspawn (Orc:2)
  2 unseen horrors
  3 shambling mangroves
  The ghost of Herrn the Skirmisher, a novice FoWn of Okawaru (D:5)
  3 lindwurms (Lair:6)
  10 orc knights
  4 cyclopes
  7 orc sorcerers
  11 deep elf magi
  16 ugly things
  Maurice (D:8)
  3 elephants
  Joseph (D:8)
  6 black mambas
  2 torpor snails (Lair:6)
  2 gargoyles
  7 komodo dragons
  10 spiny frogs
  3 freezing wraiths
  5 rime drakes
  A redback zombie (D:15)
  A kobold demonologist (D:13)
  A demonic crawler (Lair:4)
  An efreet (D:13)
  3 tengu conjurers
  A hellwing (Orc:2)
  A merfolk (D:11)
  8 trolls
  A queen bee (D:10)
  A jumping spider (shapeshifter) (D:11)
  10 hornets
  4 polar bears
  10 dream sheep
  10 hippogriffs
  18 slime creatures
  6 bog bodies
  18 blink frogs
  3 tyrant leeches
  A shadow (Swamp:2)
  2 spriggans (Swamp:2)
  A spriggan (shapeshifter) (D:10)
  3 hogs (Lair:4)
  Sigmund (D:2)
  An air elemental (D:11)
  28 yaks
  A water elemental (D:11)
  A fire elemental (D:11)
  A wyvern (Lair:6)
  2 wraiths
  4 steam dragons
  4 basilisks (Lair:6)
  A neqoxec (Orc:2)
  A hungry ghost (D:11)
  23 vampire mosquitoes
  28 insubstantial wisps
  11 swamp worms
  3 wargs
  13 water moccasins
  2 acid dragons (Lair:6)
  7 porcupines
  6 swamp drakes
  46 orc warriors
  3 sky beasts
  A black bear (Lair:4)
  5 ice beasts
  A necrophage (D:9)
  13 ogres
  21 wolves
  2 phantoms
  18 centaurs
  13 crocodiles
  22 bullfrogs
  2 elf zombies (Ossuary)
  3 big kobolds
  An earth elemental (D:11)
  A gnoll sergeant (D:10)
  A wyvern skeleton (D:11)
  5 scorpions
  43 killer bees
  16 wights
  8 howler monkeys
  4 electric eels
  2 crimson imps
  6 centaur zombies
  12 hounds
  26 orc priests
  2 centaur skeletons
  5 jellies
  27 orc wizards
  6 iguanas
  8 hell rats (Lair:2)
  16 worker ants
  A killer bee zombie (D:7)
  3 big kobold zombies (Ossuary)
  A hound zombie (D:7)
  2 hound skeletons
  2 mummies (Ossuary)
  2 worker ant zombies
  4 gnolls (D:10)
  8 adders
  16 river rats (Lair:2)
  4 shadow imps
  4 oozes
  2 adder skeletons
  6 worms
  5 dart slugs
  8 leopard geckos
  92 orcs
  10 giant cockroaches
  12 goblins
  5 hobgoblins
  12 jackals
  22 kobolds
  9 quokkas
  11 bats
  2 frilled lizards
  5 hobgoblin zombies (Ossuary)
  2 orc zombies (Ossuary)
  A quokka skeleton (D:4)
  21 rats
1016 creatures vanquished.

Vanquished Creatures (others)
  A spriggan (Swamp:2)
  A hornet (Swamp:2)
  A water elemental (D:11)
  A swamp drake (Swamp:2)
  A frilled lizard (D:4)
  3 briar patches (Swamp:3)
  7 fungi
  14 plants
29 creatures vanquished.

Grand Total: 1045 creatures vanquished

Notes
Turn   | Place    | Note
-------+----------+-------------------------------------------
     0 | D:1      | Herrn the Formicid Wanderer began the quest for the Orb.
     0 | D:1      | Herrn set off with: a +2 dagger, a potion of heal wounds, Hiobus's Guide on Conjuration, a potion of curing, a +0 robe, a bread ration
     0 | D:1      | Reached XP level 1. HP: 15/15 MP: 2/2
   218 | D:1      | Reached XP level 2. HP: 18/21 MP: 3/3
   361 | D:1      | Reached XP level 3. HP: 23/27 MP: 4/4
   867 | D:2      | Noticed Sigmund
  1003 | D:2      | Reached XP level 4. HP: 22/34 MP: 5/5
  1380 | D:2      | Found a glowing silver altar of Zin.
  1458 | D:2      | Reached skill level 1 in Armour
  1706 | D:2      | Killed Sigmund
  1706 | D:2      | Reached skill level 2 in Polearms
  1706 | D:2      | Reached XP level 5. HP: 25/42 MP: 6/6
  1706 | D:2      | Reached XP level 6. HP: 29/48 MP: 7/7
  1728 | D:2      | Found an ancient bone altar of Kikubaaqudgha.
  2215 | D:3      | Reached skill level 3 in Polearms
  3177 | D:4      | Found a snail-covered altar of Cheibriados.
  3343 | D:4      | Found a sand-covered staircase.
  3348 | Ossuary  | Entered an ossuary
  3403 | Ossuary  | Reached XP level 7. HP: 16/54 MP: 8/8
  3726 | Ossuary  | Reached skill level 4 in Polearms
  4220 | D:4      | Found a sparkling altar of Nemelex Xobeh.
  4377 | D:4      | Found a staircase to the Ecumenical Temple.
  4414 | Temple   | Entered the Ecumenical Temple
  4443 | Temple   | Became a worshipper of Warmaster Okawaru
  4518 | D:4      | Reached skill level 5 in Polearms
  4763 | D:4      | Reached XP level 8. HP: 47/61 MP: 9/9
  5325 | D:5      | Entered Level 5 of the Dungeon
  5513 | D:5      | Noticed Herrn's ghost (novice FoWn)
  5590 | D:5      | Killed Herrn's ghost
  5590 | D:5      | Reached * piety under Okawaru
  5590 | D:5      | Reached skill level 6 in Polearms
  5805 | D:5      | Reached skill level 7 in Polearms
  6383 | D:6      | Reached XP level 9. HP: 65/67 MP: 10/10
  6499 | D:6      | Reached skill level 5 in Fighting
  6870 | D:6      | Got an iridescent quarterstaff
  6871 | D:6      | Identified the cursed +0 quarterstaff "Jynaceus" {elec, Str+4} (You found it on level 6 of the Dungeon)
  6902 | D:6      | Reached ** piety under Okawaru
  7006 | D:6      | Reached skill level 8 in Polearms
  7666 | D:7      | Noticed a hippogriff
  7710 | D:7      | Reached skill level 5 in Armour
  7716 | D:7      | HP: 2/69 [ice beast (11)]
  7911 | D:7      | Killed a hippogriff
  8134 | D:7      | Reached *** piety under Okawaru
  8134 | D:7      | Reached skill level 1 in Invocations
  8134 | D:7      | Reached XP level 10. HP: 46/76 MP: 11/11
  8428 | D:7      | Found a hazy altar of Hepliaklqana.
  8597 | D:7      | Found a sacrificial altar of Ru.
  8660 | D:8      | Noticed Joseph
  8674 | D:8      | Killed Joseph
  8674 | D:8      | Reached skill level 9 in Polearms
  9032 | D:8      | Noticed Maurice
  9044 | D:8      | Killed Maurice
  9046 | D:8      | Identified Hiobus's Guide on Conjuration
  9450 | D:8      | Found an opulent altar of Gozag.
  9698 | D:9      | Reached skill level 10 in Polearms
  9830 | D:9      | Noticed dricus's ghost (novice CeHu)
  9868 | D:9      | Killed dricus's ghost
  9868 | D:9      | Reached **** piety under Okawaru
 10360 | D:9      | Reached XP level 11. HP: 70/84 MP: 12/12
 10379 | D:9      | Reached skill level 11 in Polearms
 10666 | D:9      | Got a shimmering halberd
 10667 | D:9      | Identified the +4 halberd of the Common Good {flame, rN++ MP+9 Dex-5 SInv} (You found it on level 9 of the Dungeon)
 10716 | D:9      | Found a white marble altar of Elyvilon.
 10716 | D:9      | Found a stormy altar of Qazlal.
 10717 | D:9      | Found a blossoming altar of Fedhas.
 10719 | D:9      | Found an ornate altar of the Wu Jian Council.
 10721 | D:9      | Found a hide-covered altar of Uskayaw.
 10964 | D:9      | Reached ***** piety under Okawaru
 11022 | D:10     | Entered Level 10 of the Dungeon
 11022 | D:10     | Noticed a two-headed ogre
 11030 | D:10     | Killed a two-headed ogre
 11038 | D:10     | Received a gift from Okawaru
 11043 | D:10     | Got an ancient cloak {god gift}
 11054 | D:10     | Identified the +1 cloak "Jeeke" {+Fly rElec MP+9 Str+5} (Okawaru gifted it to you on level 10 of the Dungeon)
 11088 | D:10     | Noticed Psyche
 11089 | D:10     | Noticed Psyche
 11089 | D:10     | Psyche changed into Psyche the hornet
 11101 | D:10     | Killed Psyche the hornet
 11624 | D:10     | Reached skill level 5 in Shields
 11839 | D:10     | Reached skill level 12 in Polearms
 12188 | D:10     | Noticed a two-headed ogre
 12209 | D:10     | Killed a two-headed ogre
 12578 | D:11     | Found a flagged portal.
 12595 | Bailey   | Entered a bailey
 12595 | Bailey   | Noticed an orc knight
 12598 | Bailey   | Noticed an orc knight
 12692 | Bailey   | Killed an orc knight
 12714 | Bailey   | Killed an orc knight
 12714 | Bailey   | Reached skill level 1 in Evocations
 12854 | Bailey   | Noticed an orc knight
 12863 | Bailey   | Reached XP level 12. HP: 94/94 MP: 13/13
 13667 | D:11     | Reached skill level 13 in Polearms
 14102 | D:11     | Found a large runed door.
 14102 | D:11     | Found a large runed door.
 14353 | D:11     | Found a staircase to the Orcish Mines.
 14586 | D:11     | Received a gift from Okawaru
 15013 | D:11     | Reached skill level 14 in Polearms
 15180 | D:11     | Found a staircase to the Lair.
 15871 | D:12     | Noticed a two-headed ogre
 15878 | D:12     | Killed a two-headed ogre
 15878 | D:12     | Reached XP level 13. HP: 66/101 MP: 14/14
 16631 | D:12     | Reached skill level 15 in Polearms
 17561 | D:12     | Received a gift from Okawaru
 17859 | D:12     | Found Unaonuenu's Weapon Shop.
 18176 | D:13     | Reached skill level 10 in Fighting
 18185 | D:13     | Found a gate to the Vaults.
 18214 | D:13     | Received a gift from Okawaru
 18214 | D:13     | Reached skill level 10 in Armour
 18233 | D:13     | Found a deep blue altar of Sif Muna.
 18711 | D:13     | Noticed an eight-headed hydra
 18719 | D:13     | Killed a four-headed hydra
 18907 | D:13     | Reached skill level 16 in Polearms
 19271 | D:14     | Received a gift from Okawaru
 19389 | D:14     | Reached XP level 14. HP: 105/111 MP: 15/15
 19620 | D:14     | Received a gift from Okawaru
 19918 | D:14     | Noticed Nessos
 19927 | D:14     | Killed Nessos
 20186 | Orc:1    | Entered Level 1 of the Orcish Mines
 20364 | Orc:1    | Found Essukom's Distillery.
 20805 | Orc:2    | Entered Level 2 of the Orcish Mines
 21099 | Orc:2    | Found a staircase to the Elven Halls.
 21239 | Orc:2    | Found Galuampeb's General Store.
 21516 | Orc:2    | Found Dafizxez's Distillery.
 22313 | Orc:2    | Reached skill level 17 in Polearms
 24513 | Orc:2    | Received a gift from Okawaru
 24513 | Orc:2    | Reached XP level 15. HP: 120/120 MP: 17/17
 24587 | Orc:2    | Found Nycos's Antique Weapon Shop.
 24587 | Orc:2    | Found a one-way gate leading to the halls of Pandemonium.
 24587 | Orc:2    | Found Gixol's Gadget Boutique.
 24591 | Orc:2    | Bought a glowing battleaxe for 332 gold pieces
 24591 | Orc:2    | Bought a scorched glaive for 402 gold pieces
 24595 | Orc:2    | Identified the cursed +0 glaive of Causality {pain, rPois rC- Int+8 SInv} (You bought it in a shop on level 2 of the Orcish Mines)
 24730 | Lair:1   | Entered Level 1 of the Lair of Beasts
 24730 | Lair:1   | Noticed Harold
 24737 | Lair:1   | Killed Harold
 25672 | Lair:1   | Found an ornate altar of the Wu Jian Council.
 26895 | Lair:3   | Found a staircase to the Swamp.
 28194 | Lair:4   | Reached skill level 18 in Polearms
 28434 | Lair:4   | Reached skill level 5 in Dodging
 28456 | Lair:4   | Received a gift from Okawaru
 28500 | Lair:4   | Noticed Kirke
 28519 | Lair:4   | Killed Kirke
 28560 | Lair:4   | Found a hole to the Spider Nest.
 29787 | Lair:5   | Received a gift from Okawaru
 30117 | Lair:6   | Entered Level 6 of the Lair of Beasts
 30206 | Lair:6   | Reached XP level 16. HP: 103/129 MP: 18/18
 30207 | Lair:6   | Found a staircase to the Slime Pits.
 30737 | Lair:6   | Gained mutation: Your mind is acute. (Int +2) [potion of mutation]
 30737 | Lair:6   | Gained mutation: Your muscles are strong. (Str +2) [potion of mutation]
 30739 | Lair:6   | Lost mutation: Your muscles are strong. (Str +2) [potion of mutation]
 30739 | Lair:6   | Lost mutation: Your mind is acute. (Int +2) [potion of mutation]
 30739 | Lair:6   | Gained mutation: You are partially covered in yellow scales. (AC +2) [potion of mutation]
 30739 | Lair:6   | Gained mutation: Armour fits poorly on your strangely shaped body. [potion of mutation]
 30739 | Lair:6   | Gained mutation: You are partially covered in thin metallic scales. (AC +2) [potion of mutation]
 30739 | Lair:6   | Gained mutation: You possess an exceptional clarity of mind. [potion of mutation]
 30740 | Lair:6   | Lost mutation: You possess an exceptional clarity of mind. [potion of mutation]
 30740 | Lair:6   | Lost mutation: You are partially covered in thin metallic scales. (AC +2) [potion of mutation]
 30740 | Lair:6   | Lost mutation: Armour fits poorly on your strangely shaped body. [potion of mutation]
 30740 | Lair:6   | Lost mutation: You are partially covered in yellow scales. (AC +2) [potion of mutation]
 30740 | Lair:6   | Gained mutation: Your spells are a little harder to cast, but a little more powerful. [potion of mutation]
 30740 | Lair:6   | Gained mutation: You have sharp toenails. [potion of mutation]
 30740 | Lair:6   | Gained mutation: Your spells are harder to cast, but more powerful. [potion of mutation]
 30740 | Lair:6   | Gained mutation: Your flesh is cold resistant. (rC+) [potion of mutation]
 30741 | Lair:6   | Lost mutation: Your flesh is cold resistant. (rC+) [potion of mutation]
 30741 | Lair:6   | Lost mutation: You have sharp toenails. [potion of mutation]
 30741 | Lair:6   | Lost mutation: Your spells are harder to cast, but more powerful. [potion of mutation]
 30741 | Lair:6   | Lost mutation: Your spells are a little harder to cast, but a little more powerful. [potion of mutation]
 30741 | Lair:6   | Gained mutation: Scrolls take you a little longer to read. [potion of mutation]
 30741 | Lair:6   | Gained mutation: Your natural rate of healing is unusually fast. [potion of mutation]
 30742 | Lair:6   | Lost mutation: Scrolls take you a little longer to read. [potion of mutation]
 30742 | Lair:6   | Lost mutation: Your natural rate of healing is unusually fast. [potion of mutation]
 30742 | Lair:6   | Gained mutation: Your mind is acute. (Int +2) [potion of mutation]
 30742 | Lair:6   | Gained mutation: You possess an exceptional clarity of mind. [potion of mutation]
 30742 | Lair:6   | Gained mutation: You are partially covered in icy blue scales. (AC +2) [potion of mutation]
 30799 | Lair:6   | Identified a scroll of acquirement
 30801 | Lair:6   | Got a pair of scorched gloves
 30812 | Lair:6   | Identified the +2 pair of gloves "Meofaoc" {-Cast rF+ MR+ Int+4} (You acquired it on level 6 of the Lair of Beasts)
 30956 | Lair:6   | Reached ****** piety under Okawaru
 31527 | Lair:6   | Received a gift from Okawaru
 32915 | D:15     | Entered Level 15 of the Dungeon
 33139 | D:15     | Found a labyrinth entrance.
 33142 | Lab      | Entered a labyrinth
 33254 | Lab      | Reached skill level 19 in Polearms
 33260 | Lab      | Got a pitted scythe {vamp}
 33281 | Lab      | Identified a +1 pair of boots of running (You found it in a labyrinth)
 33774 | D:15     | Found a staircase to the Depths.
 33780 | D:15     | Received a gift from Okawaru
 34287 | D:11     | Identified the +5 scythe of Ydesk {vamp, rPois Int+2} (You took it off a minotaur in a labyrinth)
 34293 | D:11     | Reached XP level 17. HP: 121/138 MP: 19/19
 34294 | D:11     | Reached XP level 18. HP: 127/145 MP: 20/20
 34439 | Elf:1    | Entered Level 1 of the Elven Halls
 34562 | Elf:1    | Reached skill level 1 in Axes
 35236 | Swamp:1  | Entered Level 1 of the Swamp
 35244 | Swamp:1  | Received a gift from Okawaru
 35244 | Swamp:1  | Reached XP level 19. HP: 141/152 MP: 21/21
 36855 | Swamp:2  | Received a gift from Okawaru
 36876 | Swamp:2  | Reached skill level 5 in Axes
 37521 | Swamp:2  | Received a gift from Okawaru
 38074 | Swamp:2  | Learned a level 6 spell: Statue Form
 38669 | Swamp:2  | Reached skill level 1 in Transmutations
 39193 | Swamp:3  | Noticed yrara's ghost (adept DsFi)
 39204 | Swamp:3  | Received a gift from Okawaru
 39643 | Swamp:3  | HP: 5/153 [yrara's ghost (4)]
 39644 | Swamp:3  | Slain by yrara's ghost

Vault maps used:
D:1:      dpeg_arrival_orchard, st_stairs_4, nrook_mini_vaults,
          kennysheep_pointless_box
D:2:      zin_academy, lemuel_zombie_altar_kikubaaqudgha, uniq_sigmund
D:3:      first_bread
D:4:      nemelex_altar_shiori, old_standard_altar,
          minmay_temple_entry_large_hall, enter_ossuary_5
D:7:      lemuel_coloured_pillars_altar, overflow_temple_1_default
D:8:      nicolae_gozag_cash_rules_everything_around_me, uniq_maurice,
          uniq_joseph
D:9:      minitemple
D:10:     special_room, uniq_psyche
D:11:     erik_lair_island, orc_david_3, enter_bailey_2, hangedman_fish_farm,
          lightli_elemental_guards
D:12:     serial_shops, shop
D:13:     erik_vaults_1, lemuel_tele_altar
D:14:     hangedman_abyss_or_decor_stagger, uniq_nessos
D:15:     grunt_enter_depths_snipers, lab_entry_generic,
          minmay_misc_feat_hallway, corexii_leaking_fountain,
          columned_hall_lemuel
Temple:   zaba_magenta_temple
Lair:1:   basic_altar, cheibrodos_lair_lostbears, grunt_megastairs_4,
          lemuel_fruit_tree, uniq_harold
Lair:2:   lemuel_ratsnest
Lair:3:   minmay_swamp_entry_reptiles, serial_bayou_shore_a,
          infiniplex_staircase_pool, grunt_megastairs_5
Lair:4:   nicolae_spider_entry_non_spiders, uniq_kirke
Lair:5:   beast_lair_carwin_7
Lair:6:   guppyfry_lair_end_dragon, hangedman_lair_in_review, slime_dummy,
          hangedman_lair_unloving_vines
Swamp:1:  evilmike_swamp_ruin_house_2, swamp_pool4
Swamp:2:  nicolae_swamp_round_clearing
Swamp:3:  basic_altar, swamp_pool1
Orc:1:    serial_shops, nicolae_shop_behind_doors
Orc:2:    pf_orc_diabolical
Elf:1:    elf_arrival_001, serial_shops, shop, minmay_elf_demonology
Lab:      labyrinth_mini_lab, nicolae_lab_hexagon, nicolae_lab_grate,
          nicolae_lab_statue
Ossuary:  minmay_ossuary_gauntlet
Bailey:   bailey_polearm_4, bailey

Skill      XL: |  1  2  3  4  5  6  7  8  9 10 11 12 13 14 15 16 17 18 19 |
---------------+----------------------------------------------------------+-----
Fighting       | 2 3 4 6 7 8 9 10 11 12 13 14 | 14.4
Dodging        | 2 3 4 5 7 8 9 |  9.4
Armour         | 2 3 4 6 7 8 9 10 11 12 13 | 13.4
Polearms       | 2 3 5 7 8 10 12 14 16 17 18 19 | 19.2
Shields        | 2 3 4 5 6 7 8 9 |  9.5
Invocations    | 1 2 3 |  3.8
Evocations     | 1 |  1.8
Axes           | 1 7 |  7.3
Transmutations | 1 |  1.3
Stealth        | |  1.2
Spellcasting   | |  1.1
Necromancy     | |  4.0
Earth Magic    | |  0.8

Action                   |  1- 3 |  4- 6 |  7- 9 | 10-12 | 13-15 | 16-18 | 19-21 || total
-------------------------+-------+-------+-------+-------+-------+-------+-------++-------
Melee: Dagger            |   147 |    46 |       |       |       |       |       ||   193
       Spear             |       |   265 |   537 |       |       |       |       ||   802
       Scythe            |       |    20 |       |       |       |       |       ||    20
       Quarterstaff      |       |       |   143 |    13 |       |       |       ||   156
       Trident           |       |       |     9 |       |       |       |       ||     9
       Halberd           |       |       |       |   817 |  1511 |   599 |       ||  2927
       Battleaxe         |       |       |       |       |       |     6 |   415 ||   421
Invok: Heroism           |       |       |     4 |    11 |    28 |    11 |     8 ||    62
 Abil: Dig               |     4 |     4 |     6 |     9 |    21 |    10 |       ||    54
       Evoke Flight      |       |       |       |     1 |       |       |     1 ||     2
Evoke: Wand              |       |       |       |    16 |       |       |       ||    16
  Use: Scroll            |       |     7 |     6 |     3 |    10 |     6 |     1 ||    33
       Potion            |       |     2 |     8 |     3 |     7 |    10 |     1 ||    31
 Stab: Sleeping          |     1 |       |       |       |       |       |       ||     1
       Invisible         |       |     1 |       |       |       |       |       ||     1
       Petrified         |       |       |       |       |       |     2 |       ||     2
       Petrifying        |       |       |       |       |       |     1 |       ||     1
  Eat: Chunk             |     1 |     8 |    11 |    19 |    44 |    15 |    10 ||   108
       Fruit             |       |       |     2 |     7 |     2 |     3 |     3 ||    17
       Meat ration       |       |       |     1 |       |     1 |       |     1 ||     3
Armor: Chain mail        |   100 |   185 |   271 |   341 |   437 |   195 |   129 ||  1658
       Robe              |     1 |       |       |       |       |       |       ||     1
       Swamp dragon scal |       |       |       |       |       |       |   102 ||   102
Dodge: Dodged            |    67 |   108 |   230 |   282 |   342 |   141 |   251 ||  1421
Block: Buckler           |    14 |    47 |    90 |   107 |   157 |    68 |   107 ||   590
